AoeStats
← Caketown

Arabia

510281945Analyzed
1v1 RM · 1d ago on Sep 30, 2026· 55m 23s· 2 players
Game mode
Random Map
Map size
Tiny (2 player)
Population
200
Speed
Normal
Resources
Standard
Victory
Conquest
Starting age
Dark Age
Ending age
Imperial Age
RankedLock teamsTeams togetherTeam positionsShared explorationLock speedFull tech treeHidden civsTurbo modeCheats
Victory
Defeat
🇧🇪 Mongols · Belgium
1224
+16
🇦🇺 Persians · Australia
1224
-16
Caketown
6:43 Loom
9:04 Feudal Age
10:45 Double-Bit Axe
19:08 Castle Age
17:29 Scale Mail Armor
21:27 Forging
22:29 Horse Collar
23:01 Bow Saw
24:55 Wheelbarrow
24:48 Husbandry
25:44 Scale Barding Armor
28:03 Ballistics
28:38 Chain Barding Armor
35:44 Imperial Age
33:33 Fletching
35:26 Heavy Camel Rider
36:20 Bloodlines
37:28 Hand Cart
38:07 Crossbowman
38:47 Bodkin Arrow
39:04 Gold Mining
39:37 Kamandaran
39:42 Padded Archer Armor
40:59 Two-Man Saw
39:50 Town Watch
42:07 Conscription
42:27 Thumb Ring
45:33 Citadels
49:52 Iron Casting
50:46 Masonry
51:37 Chemistry
53:25 Plate Barding Armor
Lechuck
9:00 Feudal Age
9:37 Loom
9:41 Double-Bit Axe
11:00 Horse Collar
15:17 Scale Barding Armor
21:03 Castle Age
19:56 Fletching
20:44 Bloodlines
21:53 Bodkin Arrow
22:10 Bow Saw
22:13 Husbandry
26:26 Gold Mining
26:44 Padded Archer Armor
28:12 Scale Mail Armor
30:44 Wheelbarrow
29:55 Town Watch
29:34 Pikeman
30:15 Squires
31:08 Thumb Ring
34:09 Heavy Plow
35:22 Leather Archer Armor
39:25 Imperial Age
37:42 Light Cavalry
39:49 Hand Cart
40:41 Bracer
41:50 Ballistics
41:27 Stone Mining
43:05 Chemistry
43:10 Heavy Cavalry Archer
45:08 Parthian Tactics
44:55 Siege Engineers
45:01 Masonry
44:16 Hussar
45:50 Chain Barding Armor
46:34 Conscription
50:03 Forging
55:46 Iron Casting
Connection lost

Rejoining the realm…

Still unreachable

The connection could not be restored.

Session expired

The server has moved on; the page needs a fresh start.